 Dungeon Crawl Stone Soup version 0.13.1-28-g3517093 (console) character file.

1130 stopandthink the Cleaver (level 8, -2/69 HPs)
             Began as a Hill Orc Berserker on Mar 19, 2014.
             Was a Believer of Trog.
             Slain by an ice beast (4 damage)
             ... on Level 8 of the Dungeon.
             The game lasted 00:04:57 (905 turns).

stopandthink the Cleaver (Hill Orc Berserker)        Turns: 905, Time: 00:04:57

HP  -2/69        AC 12     Str 20      XL: 8   Next: 28%
MP   7/7         EV  7     Int  7      God: Trog [**....]
Gold 59          SH 16     Dex 17      Spells:  0 memorised,  7 levels left

Res.Fire  : . . .   See Invis. : .   o - +0 war axe
Res.Cold  : . . .   Warding    : .   f - +0 plate armour
Life Prot.: . . .   Conserve   : .   l - +0 shield (curse)
Res.Poison: .       Res.Corr.  : .   (no helmet)
Res.Elec. : .       Clarity    : .   (no cloak)
Sust.Abil.: . .     Spirit.Shd : .   (no gloves)
Res.Mut.  : .       Stasis     : .   (no boots)
Res.Rott. : .       Flight     : .   (no amulet)
Saprovore : + . .                    (no ring)
                                     (no ring)

@: exhausted, agile, slowed, very slow, slightly resistant to hostile
enchantments, extremely unstealthy
A: saprovore 1
a: Burn Spellbooks, Berserk, Trog's Hand, Renounce Religion


You were on level 8 of the Dungeon.
You worshipped Trog.
Trog was pleased with you.
You were not hungry.

You visited 1 branch of the dungeon, and saw 9 of its levels.

You collected 39 gold pieces.

Inventory:

Hand weapons
 a - a +0,-1 orcish hand axe {=f}
 o - a +0,+0 war axe (weapon)
Armour
 b - a +0 animal skin
 d - a +0 orcish ring mail
 e - a +0 chain mail
 f - a +0 plate armour (worn)
 l - a cursed +0 shield (worn)
Magical devices
 m - a wand of draining (5) {unknown}
Comestibles
 c - a meat ration
 g - 2 bread rations
 h - 2 chokos
Scrolls
 i - a scroll of identify {unknown}
 j - 2 scrolls of noise {unknown}
 k - a scroll of recharging {unknown}
 r - a scroll of amnesia {unknown}
 s - a scroll of enchant weapon II {unknown}
Potions
 p - a potion of resistance {unknown}
 t - a potion of brilliance {unknown}


   Skills:
 + Level 6.7 Fighting
 * Level 9.7 Axes
 + Level 5.4 Armour
 - Level 1.5 Dodging


You had 7 spell levels left.
You didn't know any spells.

Dungeon Overview and Level Annotations

Branches:
Dungeon (9/27)
 Temple: D:4-7          Orc: D:6-11        Lair: D:8-13

Altars:
Okawaru

Shops:
D:7 +%


Innate Abilities, Weirdness & Mutations

You can tolerate rotten meat.


Message History

The ice beast is severely wounded.
The ice beast hits you. The ice beast freezes you!
* * * LOW HITPOINT WARNING * * *
The ice beast hits you but does no damage.
You hit the ice beast.
The ice beast is almost dead.
The ice beast hits you.
* * * LOW HITPOINT WARNING * * *
The ice beast freezes you!
* * * LOW HITPOINT WARNING * * *
The ice beast hits you but does no damage.
Drink which item? (? for menu, Esc to quit)
Okay, then.
Drink which item? (? for menu, Esc to quit)
Okay, then.
Unknown command.
Drink which item? (? for menu, Esc to quit)
You feel agile all of a sudden.
It was a potion of agility.
The ice beast hits you.
You die...

#....# #+## #....+
... #....# #.# #
#....###.##.#
#######...........#
................###
.............##.#
.............##.#
........I@....>#
#####+#..##.##.##
............#
..............#
...............#####
....................
..............#####
.........(....#
...............#


You could see an ice beast.

Vanquished Creatures
  A hill giant (D:9)
  A hungry ghost (D:9)
  A hippogriff (D:7)
  A phantom (D:4)
  A centaur (D:8)
  A jelly (D:6)
  A giant frog skeleton (D:9)
  2 scorpions
  3 adders
  4 gnolls (D:2)
  A worm (D:4)
  A giant gecko (D:2)
  An orc (D:4)
  4 bats
  A giant cockroach (D:5)
  2 goblins (D:2)
  3 hobgoblins
  4 jackals (D:4)
  A kobold (D:1)
  A giant newt (D:1)
  A kobold skeleton (D:6)
  An orc zombie (D:5)
  A quokka (D:8)
  3 rats
41 creatures vanquished.

Notes
Turn   | Place    | Note
--------------------------------------------------------------
     0 | D:1      | stopandthink, the Hill Orc Berserker, began the quest for the Orb.
     0 | D:1      | Reached XP level 1. HP: 19/19 MP: 0/0
     1 | D:1      | Noticed a giant goldfish
   154 | D:2      | Reached XP level 2. HP: 24/26 MP: 1/1
   164 | D:2      | Reached XP level 3. HP: 33/33 MP: 2/2
   169 | D:2      | Reached skill level 5 in Axes
   170 | D:2      | Reached XP level 4. HP: 40/40 MP: 3/3
   261 | D:2      | Acquired Trog's second power
   314 | D:4      | Noticed a phantom
   340 | D:4      | Killed a phantom
   340 | D:4      | Reached skill level 6 in Axes
   340 | D:4      | Reached XP level 5. HP: 36/46 MP: 4/4
   383 | D:3      | Found an iron altar of Okawaru.
   462 | D:5      | Entered Level 5 of the Dungeon
   581 | D:6      | Reached skill level 5 in Fighting
   637 | D:7      | Noticed a hippogriff
   645 | D:7      | Reached XP level 6. HP: 53/53 MP: 5/5
   651 | D:7      | Killed a hippogriff
   651 | D:7      | Reached skill level 7 in Axes
   701 | D:7      | Found Smegh's Book Shop.
   706 | D:7      | Found Bima's Food Boutique.
   764 | D:8      | Reached XP level 7. HP: 21/60 MP: 6/6
   817 | D:9      | Noticed a hungry ghost
   822 | D:9      | Killed a hungry ghost
   822 | D:9      | Reached skill level 8 in Axes
   863 | D:9      | Noticed a hill giant
   873 | D:9      | Killed a hill giant
   873 | D:9      | Reached skill level 9 in Axes
   873 | D:9      | Reached skill level 5 in Armour
   873 | D:9      | Reached XP level 8. HP: 58/69 MP: 7/7
   904 | D:8      | HP: 2/69 [ice beast (14)]
   905 | D:8      | Slain by an ice beast

Action                   |  1- 3 |  4- 6 |  7- 9 || total
-------------------------+-------+-------+-------++-------
Melee: Hand axe          |    22 |    80 |       ||   102
       War axe           |       |    15 |    20 ||    35
Invok: Berserk           |     1 |     1 |     2 ||     4
       Trog's Hand       |       |       |     1 ||     1
  Use: Potion            |       |       |     1 ||     1
